AoeStats
← Я не понимаю

Black Forest

507129026Analyzed
4v4 RM · 17d ago on Sep 16, 2026· 50m 59s· 8 players
Game mode
Random Map
Map size
Large (8 player)
Population
200
Speed
Normal
Resources
Standard
Victory
Conquest
Starting age
Dark Age
Ending age
Imperial Age
RankedLock teamsTeams togetherTeam positionsShared explorationLock speedFull tech treeHidden civsTurbo modeCheats
Victory
Defeat
🇹🇷 Turks · Türkiye
1008
+14
🇬🇧 Franks · United Kingdom
1007
+14
🇹🇷 Huns · Türkiye
985
+15
🇨🇳 Khmer · China
979
+15
🇷🇺 Italians · Russia
1039
-17
991
-16
🇬🇧 Vikings · United Kingdom
930
-13
🇰🇿 Khmer · Kazakhstan
889
-12
President of USA
2:23 Loom
13:17 Feudal Age
16:34 Castle Age
14:37 Double-Bit Axe
17:10 Horse Collar
17:43 Bow Saw
17:57 Heavy Plow
20:56 Wheelbarrow
28:10 Imperial Age
25:50 Gold Mining
26:26 Hand Cart
26:30 Fletching
28:04 Gold Shaft Mining
27:52 Bodkin Arrow
28:20 Ballistics
28:37 Bloodlines
28:27 Husbandry
28:41 Scale Barding Armor
29:48 Conscription
29:38 Siege Engineers
30:34 Chemistry
29:44 Stone Mining
31:28 Stone Shaft Mining
31:20 Chain Barding Armor
31:13 Masonry
31:00 Murder Holes
31:09 Town Watch
30:48 Heavy Scorpion
32:43 Plate Barding Armor
33:12 Fortified Wall
33:14 Forging
33:06 Bracer
33:52 Double Crossbow
34:04 Tusk Swords
34:18 Town Patrol
34:57 Iron Casting
35:35 Hoardings
35:40 Elite Battle Elephant
36:54 Crop Rotation
40:16 Blast Furnace
ertk
0:38 Loom
12:54 Feudal Age
14:57 Wheelbarrow
14:37 Double-Bit Axe
17:58 Castle Age
16:13 Horse Collar
19:30 Bow Saw
23:43 Fishing Lines
27:33 Heavy Plow
29:16 Gillnets
33:03 Imperial Age
31:45 Treadmill Crane
32:51 Caravan
32:53 Padded Archer Armor
32:43 Fletching
32:55 Scale Mail Armor
33:52 Ballistics
33:46 Artillery
34:45 Conscription
34:23 Stone Mining
34:23 Gold Mining
34:56 Elite Janissary
36:38 Leather Archer Armor
36:18 Bodkin Arrow
36:35 Forging
37:46 Masonry
37:27 Guard Tower
37:58 Bombard Tower
39:29 Two-Man Saw
38:47 Hand Cart
38:18 Town Watch
38:54 Husbandry
39:04 Bloodlines
39:56 Ring Archer Armor
39:27 Bracer
39:34 Scale Barding Armor
41:05 Gold Shaft Mining
43:08 Chain Barding Armor
43:03 Chain Mail Armor
43:24 Iron Casting
42:26 Heavy Camel Rider
46:45 Plate Barding Armor
46:41 Plate Mail Armor
47:12 Blast Furnace
Nightman
1:22 Loom
13:46 Feudal Age
18:41 Castle Age
19:05 Double-Bit Axe
19:03 Horse Collar
20:03 Stone Mining
20:22 Heavy Plow
22:27 Bow Saw
23:08 Fishing Lines
23:44 Gold Mining
25:05 Gillnets
27:08 Gold Shaft Mining
27:50 Wheelbarrow
31:09 Imperial Age
29:03 Marauders
29:51 Scale Barding Armor
29:58 Forging
30:04 Masonry
30:45 Hand Cart
30:16 Town Watch
33:23 Two-Man Saw
32:22 Capped Ram
33:27 Chain Barding Armor
33:43 Iron Casting
33:07 Fletching
33:19 Padded Archer Armor
34:29 Ballistics
34:59 Bloodlines
34:50 Husbandry
35:28 Caravan
38:18 Town Patrol
39:17 Conscription
40:36 Leather Archer Armor
40:17 Bodkin Arrow
41:23 Blast Furnace
40:59 Plate Barding Armor
41:30 Elite Tarkan
43:44 Bracer
43:40 Siege Ram
K
3:36 Loom
16:10 Feudal Age
WarW◯lf 103 {WYR}
0:36 Loom
18:20 Feudal Age
19:31 Double-Bit Axe
19:35 Horse Collar
24:58 Castle Age
27:15 Heavy Plow
27:28 Bow Saw
27:48 Town Watch
36:33 Imperial Age
35:43 Gold Mining
36:39 Forging
36:30 Scale Mail Armor
36:48 Stone Mining
38:26 Ballistics
39:07 Chemistry
38:03 Murder Holes
38:24 Masonry
39:00 Caravan
40:03 Gold Shaft Mining
40:05 Chain Mail Armor
40:26 Iron Casting
40:19 Elite Berserk
41:47 Chieftains
42:23 Crop Rotation
42:30 Conscription
43:42 Squires
43:28 Gambesons
43:29 Arson
44:41 Crossbowman
Я не понимаю
10:40 Feudal Age
17:43 Castle Age
16:48 Stone Mining
16:46 Double-Bit Axe
16:43 Horse Collar
19:52 Wheelbarrow
19:45 Bow Saw
22:31 Hand Cart
22:26 Padded Archer Armor
22:16 Fletching
24:20 Heavy Plow
24:26 Bodkin Arrow
26:59 Gold Mining
27:45 Stone Shaft Mining
36:19 Imperial Age
34:42 Leather Archer Armor
34:56 Scale Barding Armor
36:57 Chain Barding Armor
36:36 Elite Battle Elephant
37:29 Bloodlines
37:21 Husbandry
39:14 Two-Man Saw
40:25 Crop Rotation
40:10 Chatras
40:45 Paper Money
41:43 Plate Barding Armor
43:24 Ring Archer Armor
42:54 Bracer
45:20 Crossbowman
46:07 Thumb Ring
ASTERIX
7:48 Loom
12:27 Feudal Age
16:21 Castle Age
14:17 Double-Bit Axe
18:36 Stone Mining
20:26 Wheelbarrow
19:57 Horse Collar
20:49 Gold Mining
25:41 Hand Cart
29:45 Imperial Age
28:25 Heavy Plow
28:36 Bow Saw
28:32 Fletching
31:06 Ballistics
30:50 Padded Archer Armor
30:58 Thumb Ring
31:19 Conscription
34:18 Chemistry
34:16 Husbandry
34:26 Bloodlines
33:37 Cavalier
35:38 Two-Man Saw
34:50 Bodkin Arrow
35:11 Leather Archer Armor
36:15 Scale Barding Armor
37:02 Silk Road
36:46 Town Watch
37:44 Elite Genoese Crossbowman
38:19 Elite Skirmisher
39:35 Ring Archer Armor
39:05 Bracer
оливье
0:30 Loom
13:06 Feudal Age
19:28 Castle Age
19:18 Horse Collar
19:26 Double-Bit Axe
19:34 Stone Mining
19:36 Gold Mining
28:13 Heavy Plow
34:58 Imperial Age
35:52 Wheelbarrow
35:47 Bow Saw
36:45 Chemistry
36:06 Ballistics
36:28 Conscription
37:45 Double Crossbow
38:20 Husbandry
38:30 Bloodlines
37:40 Light Cavalry
39:02 Scale Barding Armor
38:59 Padded Archer Armor
39:00 Scale Mail Armor
42:42 Forging
45:37 Hussar
47:24 Scale Mail Armor
Connection lost

Rejoining the realm…

Still unreachable

The connection could not be restored.

Session expired

The server has moved on; the page needs a fresh start.